 Dungeon Crawl Stone Soup version 0.17.0-25-gefc9c12 (webtiles) character file.

6519 4thArraOfDagon the Poker (level 10, -15/73 HPs)
             Began as a Mummy Chaos Knight on Nov 18, 2015.
             Demolished by a red ugly thing (34 damage)
             ... on level 11 of the Dungeon.
             The game lasted 00:24:02 (4111 turns).

4thArraOfDagon the Poker (Mummy Chaos Knight)       Turns: 4111, Time: 00:24:02

Health: -15/73     AC: 16    Str: 16    XL:     10   Next: 69%
Magic:  23/23      EV:  5    Int: 15    God:    Xom [..*...]
Gold:   531        SH:  0    Dex: 11    Spells: 0 memorised, 9 levels left

rFire  x . .     SeeInvis .     b - +11 hand axe of Wake {venom, MP+9 Stlth+}
rCold  + . .     Clarity  .     t - +3 scale mail
rNeg   + + +     SustAt   .     (no shield)
rPois  ∞         Gourm    .     (no helmet)
rElec  .         Spirit   .     c - +1 cloak
rCorr  +         Warding  .     (no gloves)
rMut   .         Stasis   .     m - +2 pair of boots
MR     +....                    e - amulet of resist corrosion
Stlth  ++........               (no ring)
                                (no ring)

@: somewhat resistant to hostile enchantments, unstealthy
A: no food or potions, fire vulnerability, cold resistance 1, negative energy
resistance 3, torment resistance, unbreathing
a: Renounce Religion


You were on level 11 of the Dungeon.
You worshipped Xom.
You were a toy of Xom.
You were not hungry.

You visited 1 branch of the dungeon, and saw 11 of its levels.

You collected 531 gold pieces.

Inventory:

Hand Weapons
 a - a +0 spear of chaos
 b - the +11 hand axe of Wake (weapon) {venom, MP+9 Stlth+}
   (You found it on level 5 of the Dungeon)

   It poisons the flesh of those it strikes.
   It affects your magic capacity (+9).
   It makes you more stealthy.
 i - a +0 trident
 o - the +4 falchion "Zuxifoni" {venom, MR+}
   (You found it on level 7 of the Dungeon)

   It poisons the flesh of those it strikes.
   It affects your resistance to hostile enchantments.
 p - a +0 blowgun
Missiles
 j - 4 javelins (quivered)
 q - 20 poisoned needles
 r - a curare-tipped needle
Armour
 c - a +1 cloak (worn)
 m - a +2 pair of boots (worn)
 t - a +3 scale mail (worn)
Jewellery
 e - an amulet of resist corrosion (around neck)
Wands
 h - a wand of confusion (25)
 k - a wand of lightning (1)
 l - a wand of disintegration (12)
Scrolls
 d - 3 scrolls of remove curse
 f - a scroll of torment {unknown}
 g - 2 scrolls of enchant armour
 n - a scroll of blinking {unknown}
 s - a scroll of immolation {unknown}
 u - a scroll of vulnerability


   Skills:
 + Level 4.9 Fighting
 * Level 7.5(9.0) Axes
 - Level 7.6(9.0) Polearms
 + Level 5.8 Armour
 + Level 3.2 Dodging
 - Level 4.2 Stealth
 - Level 6.1 Evocations


You had 9 spell levels left.
You didn't know any spells.

Dungeon Overview and Level Annotations

Branches:
Dungeon (11/15)            Temple (0/1) D:4            Lair (0/8) D:8
    Orc: D:9-12

Altars:
Elyvilon
Fedhas
Makhleb
Zin

Shops:
D:10 }

Annotations:
D:5 4thArraOfDagon's ghost, weakling TrSu
D:9 Erica


Innate Abilities, Weirdness & Mutations

You do not eat or drink.
Your flesh is vulnerable to fire.
You are immune to poison.
Your flesh is cold resistant.
You are immune to negative energy.
You are immune to unholy pain and torment.
You can survive without breathing.


Message History

You hit the orc warrior but do no damage.
The orc warrior is severely wounded.
You kill the orc warrior!
You now have 531 gold pieces (gained 7).
Things that are here:
a flail; a chain mail You see here a long sword.
A red ugly thing comes into view.
The red ugly thing gurgles horribly! "This might be better!"
The red ugly thing seems to speed up.
Xom's attention turns to you for a moment.
You are caught in a localised field of spatial distortion.
There is a stone staircase leading up here.
The red ugly thing engulfs you!
* * * LOW HITPOINT WARNING * * *
You are engulfed in flames!!
The fire burns you terribly!
Xom thinks this is hilarious!
You die...
Xom snickers!

#..# #..# #..# #..# #..#
.# #.u# .# #..# ..#
#..#####..# #.).u@....#
#.........# #..#
#.........### #..#
#............ #..#
#............ #..#
#............
##..########.........###
.....................#
.#...................#


You could see a red ugly thing.

Vanquished Creatures
  A hill giant (D:11)
  An orc knight (D:11)
  A cyclops (D:11)
  Maurice (D:10)
  A deep elf mage (D:11)
  6 yaks (D:11)
  Grum (D:9)
  Menkaure (D:6)
  2 wolves (D:9)
  A water moccasin (D:6)
  A sky beast (D:9)
  3 orc warriors
  An ice beast (D:7)
  3 centaurs
  An ogre (D:5)
  An eye of draining (D:8)
  A big kobold (D:7)
  A gnoll sergeant (D:7)
  4 giant frogs
  A giant frog (shapeshifter) (D:4)
  4 scorpions
  2 wights (D:11)
  10 killer bees (D:8)
  A crimson imp (D:7)
  A hound (D:11)
  A quasit (D:11)
  Crazy Yiuf (D:6)
  Ijyb (D:2)
  An iguana (D:7)
  3 orc wizards
  11 worker ants
  2 sheep (D:11)
  2 hound skeletons
  2 worker ant zombies
  10 gnolls
  5 adders
  2 adder zombies (D:7)
  2 worms
  2 giant geckos
  26 orcs
  3 bats
  7 giant cockroaches
  5 goblins
  9 hobgoblins
  7 jackals
  10 kobolds
  3 quokkas
  3 giant newts
  3 quokka skeletons
  2 rats
174 creatures vanquished.

Vanquished Creatures (collateral kills)
  A killer bee (D:8)
1 creature vanquished.

Vanquished Creatures (others)
  A scorpion (D:3)
  A giant cockroach (D:3)
2 creatures vanquished.

Grand Total: 177 creatures vanquished

Notes
Turn   | Place    | Note
--------------------------------------------------------------
     0 | D:1      | 4thArraOfDagon the Mummy Chaos Knight began the quest for the Orb.
     0 | D:1      | Reached XP level 1. HP: 18/18 MP: 1/1
   190 | D:3      | Noticed a scorpion
   206 | D:3      | XOM: potion effect (heal wounds)
   218 | D:3      | XOM: polymorph kobold -> giant cockroach
   221 | D:3      | Killed a scorpion
   221 | D:3      | Reached skill level 1 in Dodging
   221 | D:3      | Reached XP level 2. HP: 13/24 MP: 2/2
   221 | D:3      | XOM: divine lightning (protected)
   248 | D:3      | XOM: god gift: 11 gold pieces
   250 | D:3      | wow
   250 | D:3      | XOM: summons 2 friendly demons
   258 | D:3      | Reached XP level 3. HP: 19/29 MP: 3/3
   323 | D:2      | XOM: divination: magic mapping
   380 | D:2      | XOM: summons friendly crimson imp
   398 | D:2      | XOM: polymorph crimson imp -> quasit
   467 | D:2      | Reached XP level 4. HP: 21/35 MP: 4/4
   488 | D:2      | Noticed Ijyb
   496 | D:2      | Killed Ijyb
   546 | D:3      | Found a glowing silver altar of Zin.
   574 | D:3      | Noticed an orc wizard
   593 | D:3      | Killed an orc wizard
   606 | D:3      | Reached XP level 5. HP: 18/41 MP: 5/5
   657 | D:3      | Found a white marble altar of Elyvilon.
   707 | D:3      | Found a burning altar of Makhleb.
   795 | D:4      | XOM: smoke on damage
   799 | D:4      | XOM: divination: detect creatures
   802 | D:4      | Noticed a wasp
   802 | D:4      | a hound changed into a wasp
   803 | D:4      | a wasp changed into a giant frog
   898 | D:3      | Noticed an orc wizard
   902 | D:4      | XOM: scenery: 1 doors close
   965 | D:5      | Entered Level 5 of the Dungeon
   965 | D:5      | Noticed an ogre
   971 | D:5      | come on xom
   998 | D:5      | Killed an ogre
   998 | D:5      | Reached skill level 4 in Fighting
   998 | D:5      | Reached XP level 6. HP: 48/48 MP: 6/6
  1072 | D:4      | Found a staircase to the Ecumenical Temple.
  1116 | D:5      | Noticed 4thArraOfDagon's ghost (weakling TrSu)
  1306 | D:4      | XOM: medium Trmt miscast
  1309 | D:4      | whaa
  1348 | D:4      | XOM: 1-stop teleportation journey
  1393 | D:4      | Reached skill level 1 in Evocations
  1407 | D:4      | XOM: colour smoke trail
  1514 | D:5      | XOM: potion effect (experience)
  1514 | D:5      | Reached skill level 7 in Polearms
  1514 | D:5      | Reached skill level 5 in Armour
  1514 | D:5      | Reached skill level 5 in Evocations
  1514 | D:5      | Reached XP level 7. HP: 38/54 MP: 6/11
  1517 | D:5      | Got a dazzling hand axe
  1518 | D:5      | waa?
  1518 | D:5      | Identified the +11 hand axe of Wake {venom, MP+9 Stlth+} (You found it on level 5 of the Dungeon)
  1522 | D:5      | XOM: silly message
  1668 | D:5      | Noticed a centaur
  1668 | D:5      | XOM: harmless Ice miscast
  1686 | D:5      | XOM: divination: detect creatures
  1690 | D:6      | Noticed Crazy Yiuf
  1693 | D:6      | Killed a centaur
  1693 | D:6      | Reached skill level 1 in Axes
  1693 | D:6      | Reached XP level 8. HP: 60/60 MP: 12/12
  1697 | D:6      | Killed Crazy Yiuf
  1767 | D:6      | XOM: divination: magic mapping
  1924 | D:6      | XOM: harmless Ice miscast
  2037 | D:6      | Noticed Menkaure
  2043 | D:6      | XOM: harmless Fire miscast
  2048 | D:6      | Killed Menkaure
  2235 | D:7      | XOM: noise
  2249 | D:7      | Got a shimmering falchion
  2252 | D:7      | Identified the +4 falchion "Zuxifoni" {venom, MR+} (You found it on level 7 of the Dungeon)
  2301 | D:7      | XOM: divination: magic mapping
  2309 | D:7      | XOM: enchant monster (good)
  2310 | D:7      | Reached XP level 9. HP: 39/65 MP: 13/13
  2337 | D:7      | XOM: harmless Air miscast
  2431 | D:7      | Found a blossoming altar of Fedhas.
  2462 | D:7      | XOM: divination: magic mapping
  2562 | D:7      | XOM: harmless Chrm miscast
  2640 | D:8      | XOM: harmless Erth miscast
  2703 | D:8      | Reached skill level 5 in Axes
  2797 | D:8      | XOM: enchant monster (good)
  2895 | D:8      | Found a staircase to the Lair.
  2946 | D:9      | Noticed Grum
  2973 | D:9      | XOM: potion effect (invisibility)
  2981 | D:9      | XOM: confuse monster(s)
  3001 | D:9      | Killed Grum
  3154 | D:9      | Noticed Erica
  3163 | D:9      | Noticed Maurice
  3178 | D:10     | Entered Level 10 of the Dungeon
  3186 | D:10     | Killed Maurice
  3293 | D:10     | XOM: mild Erth miscast
  3297 | D:10     | Found Loill's Gadget Emporium.
  3358 | D:11     | XOM: noise
  3374 | D:11     | Reached XP level 10. HP: 69/72 MP: 14/14
  3464 | D:11     | Noticed an orc knight
  3465 | D:11     | Noticed a cyclops
  3474 | D:11     | XOM: cast spell 'Blink'
  3476 | D:11     | XOM: divination: detect items
  3486 | D:11     | well well
  3500 | D:11     | XOM: potion effect (brilliance)
  3505 | D:11     | XOM: noise
  3508 | D:11     | XOM: confuse monster(s)
  3510 | D:11     | Killed an orc knight
  3758 | D:11     | Killed a cyclops
  3791 | D:11     | Noticed a hill giant
  3801 | D:11     | XOM: confuse monster(s)
  3821 | D:11     | XOM: confuse monster(s)
  3828 | D:11     | XOM: noise
  3834 | D:11     | Killed a hill giant
  3851 | D:11     | XOM: confuse monster(s)
  3980 | D:11     | XOM: cast spell 'Cause Fear'
  3989 | D:11     | XOM: divination: detect items
  3995 | D:11     | XOM: confusion (+ monsters)
  4006 | D:11     | XOM: harmless Conj miscast
  4021 | D:11     | XOM: blink monster(s)
  4099 | D:11     | Noticed a red ugly thing
  4105 | D:11     | XOM: enchant monster (bad)
  4108 | D:11     | XOM: mild Tloc miscast
  4111 | D:11     | Demolished by a red ugly thing

Action                   |  1- 3 |  4- 6 |  7- 9 | 10-12 || total
-------------------------+-------+-------+-------+-------++-------
Melee: Spear             |   100 |   180 |       |       ||   280
       Hand axe          |       |       |   231 |    96 ||   327
Evoke: Wand              |       |     4 |     5 |    15 ||    24
  Use: Scroll            |       |     7 |     4 |     1 ||    12
 Stab: Paralysed         |     6 |     5 |     2 |       ||    13
       Confused          |       |     1 |     2 |     4 ||     7
       Sleeping          |       |       |     1 |       ||     1
       Betrayed ally     |       |       |     1 |       ||     1
